Map: Echo LE (Void)

Players

Javert

  • Race: Zerg Zerg
  • League: Grandmaster

proxyrax - Winner!

  • Race: Terran Terran
  • League: Grandmaster

VOD

Have the link to the VOD?

Description

Time

  • Played on: June 25, 2015, 11:41 p.m.
  • Length: 11:10
Show
View Real Time Build Order
Export as new Build Order

Javert Zerg 

Build Orders: Hatch First 

Get SALT Encoding   

  12  0:01  Drone  
  13  0:15  Overlord  
  13  0:20  Drone  
  14  0:34  Drone x2  
  16  0:49  Hatchery  
  15  0:53  Drone  
  15  0:55  Extractor  
  15  0:58  Drone  
  15  1:01  Drone  
  17  1:10  Drone  
  18  1:23  Drone, Spawning Pool  
  18  1:31  Drone  
  19  1:42  Overlord  
  19  1:53  Drone  
  20  2:10  Queen x2  
  20  2:11  Metabolic Boost  
  20  2:13  Zergling x6  
  27  2:19  Drone  
  28  2:26  Zergling x4  
  30  2:32  Spore Crawler  
  29  2:47  Zergling x2  
  29  2:48  Zergling x6  
  32  3:16  Drone x4  
  36  3:24  Overlord  
  36  3:43  Hatchery  
  35  3:49  Drone x4  
  35  3:50  Drone x5  
  43  4:06  Overlord  
  43  4:26  Overlord x2, Drone  
  43  4:27  Drone x4  
  41  4:54  Zergling x2  
  41  4:55  Roach Warren, Zergling x18  
  41  4:57  Evolution Chamber  
  49  5:00  Extractor  
  49  5:01  Extractor  
  49  5:02  Extractor  
  46  5:10  Zergling x4  
  46  5:11  Zergling x2  
  46  5:12  Queen  
  51  5:24  Drone x9  
  60  5:30  Drone  
  60  5:31  Drone x4  
  65  5:39  Drone x2  
  65  5:41  Lair  
  67  5:46  Drone x3  
  64  5:59  Drone x3  
  67  6:06  Burrow  
  64  6:12  Drone x4  
  64  6:13  Drone x2  
  64  6:17  Extractor  
  69  6:19  Extractor  
  69  6:23  Overlord  
  69  6:24  Overlord  
  67  6:40  Baneling Nest  
  67  6:45  Roach x10  
  65  7:03  Drone x8  
  69  7:14  Spire  
  68  7:17  Drone x6  
  72  7:34  Spore Crawler, Drone x3  
  72  7:35  Drone x4  
  78  7:38  Overlord  
  78  7:52  Zergling x12  
  78  7:53  Zergling x2  
  85  8:06  Overlord x2  
  85  8:16  Baneling x3  
  85  8:17  Baneling x7  
  85  8:18  Baneling x4  
  85  8:20  Drone x2  
  85  8:21  Drone x3  
  85  8:26  Overseer  
  90  8:28  Overseer  
  90  8:44  Overseer  
  90  8:46  Zergling x26  
  90  8:47  Zergling x2  
  104  8:51  Roach x10  
  80  9:36  Drone x10  
  87  9:55  Overlord x2  
  87  9:58  Overlord x2  
  83  10:10  Overlord x4  
  81  10:18  Infestation Pit  
  79  10:25  Evolution Chamber  
  79  10:26  Evolution Chamber  
  76  10:33  Roach  
  76  10:34  Roach x9  
  96  10:45  Zergling x6  
Show
View Real Time Build Order
Export as new Build Order

proxyrax Terran - Winner!

Build Orders: Reaper Expand, MMM Bio 

Get SALT Encoding   

  12  0:01  SCV  
  13  0:13  SCV  
  14  0:17  Supply Depot  
  14  0:25  SCV  
  15  0:39  SCV  
  15  0:40  Barracks  
  16  0:44  Refinery  
  16  0:51  SCV  
  17  1:03  SCV  
  18  1:15  SCV  
  19  1:27  Reaper  
  19  1:29  Orbital Command  
  20  1:41  Command Center  
  20  1:50  Supply Depot  
  20  1:54  SCV  
  20  1:59  Reaper  
  22  2:06  SCV  
  23  2:13  Refinery  
  23  2:20  SCV  
  23  2:21  Factory  
  24  2:43  SCV  
  25  2:53  Barracks Reactor  
  25  2:55  Command Center, SCV  
  26  3:10  SCV  
  28  3:14  Orbital Command  
  28  3:17  Bunker  
  27  3:22  SCV, Barracks  
  27  3:23  Barracks  
  28  3:34  Engineering Bay  
  28  3:42  Supply Depot  
  28  3:43  Barracks Tech Lab, Hellion  
  29  3:54  Hellion  
  29  3:56  SCV  
  29  4:05  Hellion, Marine  
  32  4:14  Orbital Command  
  32  4:15  Hellion  
  34  4:18  Marine  
  34  4:19  Marine  
  36  4:27  Terran Infantry Weapons Level 1  
  36  4:34  Orbital Command  
  36  4:52  Marine x2  
  36  4:55  Stimpack  
  38  5:04  Widow Mine x2  
  38  5:05  Marine  
  43  5:10  Bunker  
  43  5:11  Supply Depot  
  43  5:14  Bunker  
  44  5:17  SCV x2  
  46  5:24  Barracks Reactor x2  
  46  5:26  Marine  
  46  5:27  SCV  
  47  5:33  Hellion  
  47  5:34  Hellion  
  51  5:43  Marine  
  52  5:55  Supply Depot, Hellion x2  
  56  5:58  SCV x3  
  56  6:01  Marine  
  56  6:03  Marine x2  
  56  6:04  Marine  
  63  6:07  Starport  
  63  6:10  SCV  
  64  6:12  Supply Depot  
  64  6:16  Hellion  
  66  6:19  Marine  
  66  6:21  Marine  
  66  6:22  Terran Infantry Armor Level 1  
  66  6:23  SCV  
  66  6:24  SCV x2  
  71  6:28  Supply Depot  
  71  6:30  Marine x3  
  74  6:35  SCV  
  74  6:36  SCV x2  
  74  6:37  Marine  
  74  6:38  Armory  
  74  6:39  Marine  
  77  6:48  Marine x2  
  77  6:49  Marine  
  77  6:50  Hellion x2  
  77  6:51  Supply Depot  
  84  6:55  Marine  
  84  6:57  Marine  
  84  7:08  Marine x2  
  79  7:09  Combat Shields  
  79  7:10  Widow Mine  
  79  7:11  Widow Mine  
  79  7:13  Marauder  
  82  7:22  SCV x3  
  83  7:25  Refinery  
  83  7:30  Refinery  
  83  7:34  SCV  
  83  7:36  Barracks  
  84  7:38  Supply Depot  
  84  7:39  Widow Mine x2  
  88  7:45  Medivac  
  88  7:46  Medivac  
  92  7:55  Marine  
  92  7:56  Marauder, Marine x2  
  97  7:59  Supply Depot  
  97  8:00  Engineering Bay  
  97  8:08  Widow Mine x2  
  101  8:13  Marine  
  101  8:14  Marine x2  
  101  8:15  SCV, Terran Infantry Weapons Level 2, Medivac  
  101  8:16  SCV  
  108  8:21  Marauder, Medivac  
  108  8:23  Orbital Command  
  108  8:26  Barracks  
  112  8:27  SCV  
  112  8:28  SCV  
  112  8:32  Concussive Shells  
  112  8:33  Supply Depot  
  114  8:34  Barracks Reactor  
  114  8:35  Barracks Reactor  
  114  8:36  Widow Mine  
  114  8:38  Marine  
  117  8:41  Terran Infantry Armor Level 2  
  117  8:44  Supply Depot  
  117  8:54  Widow Mine  
  117  8:55  SCV x2, Marauder  
  123  9:04  SCV  
  123  9:05  Bunker  
  123  9:07  SCV x2  
  123  9:09  Marine x2  
  113  9:16  SCV  
  106  9:20  Marine  
  106  9:21  Marine x2  
  106  9:22  Marine x2  
  110  9:26  Marine  
  110  9:27  Marine  
  112  9:31  Barracks  
  82  9:38  Marine x2, Medivac x2  
  110  9:39  Marine  
  110  9:40  Marine x3  
  110  9:44  Widow Mine, Marine x2  
  110  9:45  Widow Mine  
  126  9:48  Barracks  
  126  9:51  Supply Depot  
  126  9:56  Marine  
  126  9:59  Marauder  
  128  10:08  Medivac  
  128  10:09  Marine x4  
  128  10:12  Medivac, Marine x2  
  137  10:14  Supply Depot, Marine  
  137  10:20  Marauder  
  140  10:27  Marine  
  141  10:30  Marine x2  
  141  10:36  Marine x4  
  141  10:37  Barracks Reactor  
  141  10:38  Medivac  
  141  10:41  Supply Depot, Marauder  
  149  10:51  Marine  
Tags
 
Add a new tag
Caveats
  • Supply blocks, unpowered buildings, or Contaminate may cause inaccurate times.
  • Supply counts are checked every 10 seconds.